 Dungeon Crawl Stone Soup version 0.28.0 (webtiles) character file.

Game seed: 3270682552779058518

26 Angani the Sneak (level 2, -5/27 HPs)
             Began as a Draconian Delver on Feb 14, 2022.
             Slain by a mummy (18 damage)
             ... in an ossuary.
             The game lasted 00:01:36 (176 turns).

Angani the Sneak (Draconian Delver)                  Turns: 176, Time: 00:01:38

Health: -5/27      AC:  4    Str: 14    XL:     2   Next: 89%
Magic:  2/2        EV: 12    Int: 10    God:
Gold:   0          SH:  0    Dex: 12    Spells: 1/1 levels left

rFire   . . .      SeeInvis .   a - +0 falchion
rCold   . . .      Faith    .   (no shield)
rNeg    . . .      Spirit   .   (armour unavailable)
rPois   .          Reflect  .   (helmet restricted)
rElec   .          Harm     .   (no cloak)
rCorr   .          Rampage  .   (no gloves)
Will    .....                   (no boots)
Stlth   +++.......              (no amulet)
HPRegen 0.09/turn               (no ring)
MPRegen 0.08/turn               (no ring)

@: hasted, very quick
A: AC +4, unfitting armour, cold-blooded
a: no special abilities


You were in an ossuary.
You visited 1 branch of the dungeon, and saw 2 of its levels.
You also visited: Ossuary.

Inventory:

Hand Weapons
 a - a +0 falchion (weapon)
Wands
 f - a wand of digging (3)
Scrolls
 b - a scroll of fog
 c - a scroll of torment {unknown}
 d - a scroll of fear


   Skills:
 + Level 3.9 Fighting
 + Level 2.7 Long Blades
 - Level 1.8 Dodging
 - Level 4.5 Stealth


You had one spell level left.
You didn't know any spells.
Your spell library was empty.

Dungeon Overview and Level Annotations

Branches:
Dungeon (5/15)            Ossuary (1/1)
 Temple: D:4-7

Altars:


Innate Abilities, Weirdness & Mutations

Your plain brown scales are hard. (AC +4)
You cannot fit into any form of body armour.
You are cold-blooded and may be slowed by cold attacks.


Message History

A centaur zombie comes into view.
The bog mummy closely misses you.
You hit the bog mummy.
Your tail-slap misses the bog mummy.
The bog mummy is lightly damaged.
You hit the bog mummy.
The bog mummy is moderately damaged.
A wyvern zombie comes into view.
A mummy comes into view.
The bog mummy closely misses you.
You hit the bog mummy.
The bog mummy is heavily damaged.
You slash the bog mummy!
The bog mummy is almost destroyed.
You hit the bog mummy but do no damage.
The bog mummy is almost destroyed.
You hit the bog mummy.
You destroy the bog mummy!
You have reached level 2!
You hit the mummy but do no damage. You hit the mummy but do no damage.
You hit the mummy.
The mummy is lightly damaged.
A killer bee zombie comes into view.
You barely miss the mummy.
The mummy is lightly damaged.
You hit the mummy but do no damage.
The mummy is lightly damaged.
You hit the mummy.
The mummy is moderately damaged.
The wyvern zombie closely misses you.
You hit the mummy.
The mummy is heavily damaged.
The mummy barely misses you. The wyvern zombie bites you!
You barely miss the mummy.
The mummy is heavily damaged.
The wyvern zombie bites you.
You hit the mummy.
The mummy is heavily damaged.
The mummy hits you!!
Ouch! That really hurt!
You die...

≈≈≈≈
#≈#
##≈#≈
#≈≈
≈≈≈≈
≈≈##
.≈P#.≈P
≈.≈.≈


ZMZ ##Z## #M@.# #.∩.# #∩..# ##### You could see a mummy, a bog mummy, a wyvern
zombie, a killer bee zombie and a centaur zombie.

Vanquished Creatures
  A mummy (Ossuary)
  An orc (D:4)
2 creatures vanquished.

Vanquished Creatures (others)
  2 withered plants (Ossuary)
2 creatures vanquished.

Grand Total: 4 creatures vanquished

Notes
Turn   | Place    | Note
-------+----------+-------------------------------------------
     0 | D:5      | Angani the Draconian Delver began the quest for the Orb.
     0 | D:5      | Reached XP level 1. HP: 19/19 MP: 1/1
    14 | D:5      | Noticed an orc wizard
    17 | D:5      | Noticed a sky beast
    84 | D:4      | Found a sand-covered staircase.
   151 | Ossuary  | Entered an ossuary
   151 | Ossuary  | Noticed a bog mummy
   152 | Ossuary  | Noticed a bog mummy
   163 | Ossuary  | Noticed a wyvern zombie
   167 | Ossuary  | Killed a bog mummy
   168 | Ossuary  | Reached XP level 2. HP: 27/27 MP: 2/2
   176 | Ossuary  | Slain by a mummy

Illustrated notes

Levels and vault maps discovered:
D:4:      layout_rooms, chequers_ossuary_entry_cave, lexackson_kobold_supper
D:5:      layout_basic, uniq_edmund
Ossuary:  ossuary_zaba_flooded

Action                   || total
-------------------------++-------
Melee: Falchion          ||    19
       Tailslap          ||     1
  Use: Scroll            ||     1
       Potion            ||     1
Dodge: Dodged            ||     4
